 Dungeon Crawl Stone Soup version 0.18-a0-1624-g19ad93e (webtiles) character file.

19 Oddball22 the Caller (level 2, 0/15 HPs)
             Began as a Deep Elf Summoner on Mar 24, 2016.
             Slain by a hobgoblin (4 damage)
             ... on level 2 of the Dungeon.
             The game lasted 00:02:42 (1546 turns).

Oddball22 the Caller (Deep Elf Summoner)            Turns: 1546, Time: 00:02:42

Health: 0/15       AC:  2    Str:  5    XL:     2   Next: 55%
Magic:  6/8        EV: 13    Int: 19    God:
Gold:   76         SH:  0    Dex: 15    Spells: 2 memorised, 5 levels left

rFire  . . .     SeeInvis .     (no weapon)
rCold  . . .     Gourm    .     a - +0 robe
rNeg   + . .     Faith    .     (no shield)
rPois  .         Spirit   .     (no helmet)
rElec  .         Dismiss  .     (no cloak)
rCorr  .         Reflect  .     (no gloves)
SustAt .         Harm     .     (no boots)
MR     .....                    (no amulet)
Stlth  ++........               (no ring)
                                l - ring of positive energy

@: not resistant to hostile enchantments, unstealthy
A: no striking features
a: no special abilities


You were on level 2 of the Dungeon.
You were not hungry.

You visited 1 branch of the dungeon, and saw 2 of its levels.

You collected 76 gold pieces.

Inventory:

Armour
 a - a +0 robe (worn)
Jewellery
 l - a ring of positive energy (left hand)
Scrolls
 d - 2 scrolls of enchant armour {unknown}
 e - 2 scrolls of identify {unknown}
 j - a scroll of random uselessness {unknown}
Potions
 g - a potion of brilliance {unknown}
 h - 2 potions of agility {unknown}
 i - a potion of cure mutation {unknown}
 m - a potion of heal wounds {unknown}
Books
 b - a book of Callings

   Spells                             Type                      Level
   a - Summon Small Mammal            Summoning                    1
   b - Call Imp                       Summoning                    2
   c - Call Canine Familiar           Summoning                    3
   d - Summon Guardian Golem          Hexes/Summoning              3
   e - Summon Lightning Spire         Summoning/Air                4
   f - Summon Ice Beast               Ice/Summoning                4
Comestibles
 c - 2 bread rations
 f - a slice of pizza
 k - 8 chunks of flesh


   Skills:
 + Level 2.8 Dodging
 - Level 2.4 Stealth
 * Level 3.9 Spellcasting
 + Level 4.5 Summonings


You had 5 spell levels left.
You knew the following spells:

 Your Spells              Type           Power        Failure   Level  Hunger
a - Summon Small Mammal   Summ           ###.         1%          1    None
b - Call Imp              Summ           ###.....     3%          2    ##.....


Dungeon Overview and Level Annotations

Branches:
Dungeon (2/15)

Altars:


Message History

Confirm with . or Enter, or press ? or * to list all spells.
You barely miss the hobgoblin. You closely miss the hobgoblin.
The hobgoblin hits you.
You closely miss the hobgoblin.
Your rat bites the hobgoblin.
The hobgoblin hits you.
You hit the hobgoblin but do no damage.
The hobgoblin is lightly wounded.
The hobgoblin barely misses you.
Your rat bites the hobgoblin.
Casting: Summon Small Mammal
Confirm with . or Enter, or press ? or * to list all spells.
The hobgoblin hits you.
Your rat bites the hobgoblin but does no damage.
You hit the hobgoblin but do no damage.
The hobgoblin is heavily wounded.
Your rat bites the hobgoblin.
The hobgoblin hits you.
* * * LOW HITPOINT WARNING * * *
You hit the hobgoblin but do no damage.
The hobgoblin is severely wounded.
Your rat closely misses the hobgoblin.
The hobgoblin hits you.
You die...

#.>##............##.
................##.
###....##########.
#...............#.
#.#############.#.
#.# #.## # #.# #.#
#.#.#####.# #.#
#.r@g.....# #.#
###r####### #.# ....
#.# ###.#. #.# #.#.#
#.# #.# . #.# #.# ##
#.# #.# #.## #...


You could see a hobgoblin and 2 friendly rats.

Vanquished Creatures
  2 bats
2 creatures vanquished.

Vanquished Creatures (collateral kills)
  2 giant geckos (D:1)
  A ball python (D:1)
  2 goblins
  3 hobgoblins
  4 jackals (D:2)
  A bat (D:1)
  3 giant newts
  4 kobolds (D:1)
  2 rats (D:1)
22 creatures vanquished.

Grand Total: 24 creatures vanquished

Notes
Turn   | Place    | Note
--------------------------------------------------------------
     0 | D:1      | Oddball22 the Deep Elf Summoner began the quest for the Orb.
     0 | D:1      | Reached XP level 1. HP: 10/10 MP: 6/6
   888 | D:1      | Reached XP level 2. HP: 12/15 MP: 4/8
  1017 | D:1      | Learned a level 2 spell: Call Imp
  1546 | D:2      | Slain by a hobgoblin

Vault maps used:
D:1:      dpeg_arrival_castle
D:2:      minitemple, first_bread

Action                   || total
-------------------------++-------
Melee: Unarmed           ||    53
 Cast: Summon Small Mamm ||    24
       Call Imp          ||     5
  Eat: Chunk             ||     2
